 Dungeon Crawl Stone Soup version 0.17-a0-1887-g3e50df6 (webtiles) character file.

1234 Ijustatesigmund the Slinger (level 8, -6/49 HPs)
             Began as a Halfling Hunter on Sept 23, 2015.
             Killed by divine providence
             ... invoked by an orc priest
              (17 damage)
             ... on level 7 of the Dungeon.
             The game lasted 00:16:51 (5339 turns).

Ijustatesigmund the Slinger (Halfling Hunter)       Turns: 5339, Time: 00:16:51

Health: -6/49      AC:  7    Str: 17      XL:     8   Next: 77%
Magic:  8/8        EV: 16    Int:  7 (10) God:
Gold:   168        SH:  0    Dex: 20      Spells: 0 memorised, 7 levels left

rFire  . . .     SeeInvis .     j - +2 dagger (venom)
rCold  . . .     Clarity  .     d - +0 leather armour
rNeg   . . .     SustAt   .     (shield restricted)
rPois  .         Gourm    .     v - +0 helmet
rElec  .         Spirit   .     (no cloak)
rCorr  .         Warding  .     r - +2 pair of gloves {Dex+3}
rMut   .         Stasis   .     (no boots)
MR     .....                    (no amulet)
Stlth  ++++......               (no ring)
                                (no ring)

@: mighty, not resistant to hostile enchantments, stealthy
A: mutation resistance 1
a: no special abilities


You were on level 7 of the Dungeon.
You were hungry.

You visited 2 branches of the dungeon, and saw 8 of its levels.

You collected 168 gold pieces.

Inventory:

Hand weapons
 a - a +2 hunting sling
 j - a +2 dagger of venom (weapon)
Missiles
 b - 19 sling bullets
 g - 211 stones (quivered)
Armour
 d - a +0 leather armour (worn)
 o - a cursed +0 shield
 r - a +2 pair of gloves of dexterity (worn)
 v - a +0 helmet (worn)
Scrolls
 i - a scroll of magic mapping
 n - 2 scrolls of amnesia
 t - 2 scrolls of remove curse
 u - 2 scrolls of teleportation
Potions
 c - 2 potions of might
 k - a potion of curing {unknown}
 m - a potion of magic
Comestibles
 e - 2 bread rations
 f - a fruit
 h - 3 beef jerkies
 l - a slice of pizza
 q - a royal jelly


   Skills:
 - Level 1.7 Fighting
 + Level 5.5 Short Blades
 + Level 11.4 Slings
 + Level 2.9 Dodging
 + Level 5.9 Stealth


You had 7 spell levels left.
You didn't know any spells.

Dungeon Overview and Level Annotations

Branches:
Dungeon (7/15)             Temple (1/1) D:6

Altars:
Elyvilon
Fedhas
Gozag
Kikubaaqudgha
Makhleb
Nemelex Xobeh
Okawaru
Sif Muna
Trog
Vehumet
Yredelemnul
Zin
The Shining One

Annotations:
D:5 Nico3ck's ghost, experienced MiWz
D:6 Pikel


Innate Abilities, Weirdness & Mutations

You are small and have problems with some larger weapons.
You are somewhat resistant to further mutation.


Message History

You hit the orc priest but do no damage.
The orc priest is poisoned.
The orc priest hits you with a trident.
You hit the orc priest but do no damage.
The orc priest looks even sicker.
The orc priest is lightly wounded.
The orc priest calls down the wrath of Beogh upon you.
Something smites you!
* * * LOW HITPOINT WARNING * * *
You hit the orc priest but do no damage.
The orc priest is lightly wounded.
Drink which item? (? for menu, Esc to quit)
You feel very mighty all of a sudden.
The orc priest hits you but does no damage.
Drink which item? (? for menu, Esc to quit)
It was a potion of degeneration.
There was something very wrong with that liquid.
You feel dopey.
The orc priest invokes the aid of Beogh against you.
Something smites you!
You die...

##..............#
##...###.#######
..........#
###.#.###..## #.#
#...# . ##..##
#...#
.#####..#######
........@).....#
########o#####.#
..o. ###..# ...#
.#># #. ## ..


You could see 2 orc priests.

Vanquished Creatures
  The ghost of orochimarko the Firebug, an average GrFE (D:4)
  A sky beast (D:6)
  A slave (D:6)
  2 ogres
  A phantom (D:5)
  A crimson imp (D:6)
  4 orc priests
  2 hounds
  6 orc wizards
  Ijyb (D:3)
  A jelly (D:4)
  2 worker ants (D:6)
  Natasha (twice) (D:3)
  Robin (D:3)
  11 adders
  An adder skeleton (D:4)
  2 oozes (D:4)
  2 worms (D:3)
  5 giant geckos
  27 orcs
  2 ball pythons
  2 bats
  4 giant cockroaches
  13 goblins
  9 hobgoblins
  A quokka (D:4)
  A giant gecko skeleton (D:4)
  5 giant newts
  9 kobolds
  A quokka skeleton (D:5)
  9 rats
130 creatures vanquished.

Notes
Turn   | Place    | Note
--------------------------------------------------------------
     0 | D:1      | Ijustatesigmund the Halfling Hunter began the quest for the Orb.
     0 | D:1      | Reached XP level 1. HP: 14/14 MP: 1/1
    49 | D:1      | Reached skill level 6 in Slings
   149 | D:1      | Reached XP level 2. HP: 19/19 MP: 2/2
   439 | D:1      | Reached XP level 3. HP: 24/24 MP: 3/3
   642 | D:2      | Reached skill level 7 in Slings
   778 | D:2      | Reached XP level 4. HP: 29/29 MP: 4/4
  1348 | D:2      | Reached skill level 1 in Short Blades
  1695 | D:3      | Noticed Ijyb
  1711 | D:3      | Killed Ijyb
  1711 | D:3      | Reached XP level 5. HP: 34/34 MP: 5/5
  1723 | D:3      | Noticed Natasha
  1731 | D:3      | Killed Natasha
  1731 | D:3      | Reached skill level 8 in Slings
  1987 | D:3      | Reached XP level 6. HP: 39/39 MP: 6/6
  1993 | D:3      | Noticed Robin
  1999 | D:3      | Killed Robin
  2753 | D:3      | Reached skill level 9 in Slings
  2835 | D:3      | Noticed Natasha
  2839 | D:3      | Killed Natasha
  3140 | D:4      | Noticed orochimarko's ghost (average GrFE)
  3151 | D:4      | Killed orochimarko's ghost
  3151 | D:4      | Reached XP level 7. HP: 36/44 MP: 7/7
  3460 | D:4      | Reached skill level 10 in Slings
  4052 | D:5      | Entered Level 5 of the Dungeon
  4054 | D:5      | Reached skill level 5 in Stealth
  4054 | D:5      | Reached XP level 8. HP: 49/49 MP: 8/8
  4076 | D:5      | Noticed Nico3ck's ghost (experienced MiWz)
  4416 | D:6      | Reached skill level 11 in Slings
  4452 | D:6      | Found a staircase to the Ecumenical Temple.
  4465 | Temple   | Entered the Ecumenical Temple
  4671 | D:6      | Reached skill level 5 in Short Blades
  4931 | D:6      | Noticed Pikel
  5339 | D:7      | Killed from afar by an orc priest

Vault maps used:
D:1:      shiori_arrival_maze
D:2:      first_bread
D:3:      eino_curves_03, grunt_ministairs_12, minmay_misc_feat_room, uniq_iyjb,
          uniq_natasha, uniq_robin
D:5:      minivault_11, kennysheep_generic_room_11
D:6:      minmay_temple_entry_statues_fountains, uniq_crazy_yiuf_cottage,
          uniq_pikel, uniq_blork_the_orc
Temple:   nicolae_temple_figure_eight

Action                   |  1- 3 |  4- 6 |  7- 9 || total
-------------------------+-------+-------+-------++-------
Melee: Dagger            |       |       |    33 ||    33
 Fire: Hunting sling     |    74 |   162 |   196 ||   432
  Use: Scroll            |       |     6 |     3 ||     9
       Potion            |       |       |     4 ||     4
 Stab: Sleeping          |       |       |     3 ||     3
  Eat: Chunk             |       |     6 |     5 ||    11
       Fruit             |       |       |     2 ||     2
